 Dungeon Crawl Stone Soup version 0.29.1-1-gd02db6906a (webtiles) character file.

Game seed: 9649694229406413023

134 Gabide the Vexing (level 4, -1/33 HPs)
             Began as a Mummy Arcane Marksman on Sept 17, 2022.
             Killed by divine providence
             ... invoked by an orc priest
              (8 damage)
             ... on level 3 of the Dungeon.
             The game lasted 00:06:41 (3479 turns).

Gabide the Vexing (Mummy Arcane Marksman)           Turns: 3479, Time: 00:06:42

Health: -1/33      AC:  4    Str: 13    XL:     4   Next: 95%
Magic:  5/7        EV: 11    Int: 14    God:
Gold:   95         SH:  0    Dex: 12    Spells: 6/7 levels left

rFire   x . .      SeeInvis .   a - +1 sling
rCold   + . .      Faith    .   (no shield)
rNeg    + + +      Spirit   .   j - +0 leather armour
rPois   ∞          Reflect  .   (no helmet)
rElec   .          Harm     .   (no cloak)
rCorr   .          Rampage  .   (no gloves)
Will    .....                   e - +0 pair of boots
Stlth   +.........              (no amulet)
HPRegen 0.11/turn               (no ring)
MPRegen 0.10/turn               (no ring)

@: no status effects
A: cold resistance 1, negative energy resistance 3, torment resistance 2, heat
vulnerability 1, in touch with death 1, no potions
a: no special abilities


You were on level 3 of the Dungeon.
You visited 1 branch of the dungeon, and saw 3 of its levels.

You collected 95 gold pieces.

Inventory:

Hand Weapons
 a - a +1 sling (weapon)
 b - a +2 dagger of draining
Armour
 e - a +0 pair of boots (worn)
 j - a +0 leather armour (worn)
Scrolls
 c - a scroll of identify {unknown}
 d - a scroll of blinking {unknown}
 f - a scroll of teleportation
 g - a scroll of magic mapping {unknown}
 h - a scroll of immolation {unknown}
 i - a scroll of fog {unknown}
 k - a scroll of amnesia {unknown}


   Skills:
 - Level 2.0 Fighting
 + Level 2.8 Ranged Weapons
 - Level 2.0 Dodging
 - Level 2.0 Spellcasting
 - Level 3.0 Hexes
 + Level 1.7 Translocations


You had 6 spell levels left.
You knew the following spells:

 Your Spells              Type           Power      Damage    Failure   Level
a - Slow                  Hex            36%        N/A       9%          1

Your spell library contained the following spells:

 Spells                   Type           Power      Damage    Failure   Level
 Portal Projectile        Hex/Tloc       16%        N/A       34%         3
 Inner Flame              Hex/Fire       5%         N/A       43%         3
 Cause Fear               Hex            4%         N/A       65%         4


Dungeon Overview and Level Annotations

Branches:
Dungeon (3/15)

Altars:
Gozag
Okawaru


Innate Abilities, Weirdness & Mutations

You are immune to poison.
Your flesh is cold resistant. (rC+)
You are immune to negative energy. (rN+++)
You are immune to unholy pain and torment.
You are vulnerable to heat. (rF-)
You are in touch with the powers of death.
You do not drink.


Message History

You shoot a sling bullet. The sling bullet hits the orc.
You kill the orc!
Unknown command.
Fire: a) +1 sling
Press: ? - help, Q - select action, (/) - cycle Shift-Dir - straight line, f - orc priest
Aim: an orc priest, wielding a +0 whip and wearing a +0 scale mail (61% to hit)
You shoot a sling bullet.
The sling bullet hits the orc priest but does no damage.
You can't drink.
Okay, then.
Unknown command.
Casting: Slow (safe; 9% risk of failure)
Confirm with . or Enter, or press ? or * to list all spells.
Aiming: Slow (safe; 9% risk of failure)
Press: ? - help, Shift-Dir - straight line, f/p - orc priest
Aim: an orc priest, wielding a +0 whip and wearing a +0 scale mail (chance to affect: 47%)
The orc priest resists with some effort.
Casting: Slow (safe; 9% risk of failure)
Confirm with . or Enter, or press ? or * to list all spells.
Aiming: Slow (safe; 9% risk of failure)
Press: ? - help, Shift-Dir - straight line, f/p - orc priest
Aim: an orc priest, wielding a +0 whip and wearing a +0 scale mail (chance to affect: 47%)
The orc priest seems to slow down.
The orc priest misses you.
Fire: a) +1 sling
Press: ? - help, Q - select action, (/) - cycle Shift-Dir - straight line, f/p - orc priest
Aim: an orc priest, wielding a +0 whip and wearing a +0 scale mail (slow, 61% to hit)
You shoot a sling bullet. The sling bullet hits the orc priest.
The orc priest is lightly wounded.
Fire: a) +1 sling
Press: ? - help, Q - select action, (/) - cycle Shift-Dir - straight line, f/p - orc priest
Aim: an orc priest, wielding a +0 whip and wearing a +0 scale mail (lightly wounded, slow, 61% to hit)
You shoot a sling bullet.
The sling bullet hits the orc priest but does no damage.
The orc priest is lightly wounded.
The orc priest invokes the aid of Beogh against you.
Beogh smites you!
* * * LOW HITPOINT WARNING * * *
The orc priest mumbles some strange prayers to Beogh against you.
Beogh smites you!
You die...

..# #.# ### #.#########
#.#.......#
#...#####.### ##..#
#.....# ###...###.#.###
#...#...#.._..# #
#.#...#####.#.#######.#
# #.##.##
#..o@.#.>o.oo.#
#####.##.# ###.###.#
......##.# #o.)o.#
########.# ####### #.#
########.# .........#
##########


You could see 2 orc priests.

Vanquished Creatures
  4 gnolls (D:2)
  3 adders
  A worm (D:2)
  3 dart slugs
  2 orcs (D:3)
  6 ball pythons
  5 endoplasms
  3 giant cockroaches
  10 goblins
  5 hobgoblins
  2 quokkas
  3 bats
  4 frilled lizards
  3 kobolds (D:1)
  5 rats
59 creatures vanquished.

Notes
Turn   | Place    | Note
-------+----------+-------------------------------------------
     0 | D:1      | Gabide the Mummy Arcane Marksman began the quest for the
                  | Orb.
     0 | D:1      | Reached XP level 1. HP: 15/15 MP: 2/2
   552 | D:1      | Reached XP level 2. HP: 21/21 MP: 4/4
   895 | D:1      | Found a faded altar of an unknown god.
  1629 | D:1      | Gained mutation: You are in touch with the powers of death.
                  | [Mummy growth]
  1629 | D:1      | Reached XP level 3. HP: 26/26 MP: 6/6
  1848 | D:2      | Reached skill level 3 in Hexes
  2175 | D:2      | Reached XP level 4. HP: 33/33 MP: 5/7
  2191 | D:2      | Reached skill level 1 in Translocations
  3135 | D:3      | Found an iron altar of Okawaru.
  3441 | D:3      | Found an opulent altar of Gozag.
  3479 | D:3      | Killed from afar by an orc priest

Illustrated notes

Levels and vault maps discovered:
D:1:      dpeg_arrival_signposts, layout_loops_ring,
          ebering_ecumenical_altar_rust, nicolae_hexahallways,
          serial_bayou_crossing
D:2:      layout_rooms
D:3:      layout_loops_ring, nicolae_gozag_cash_rules_everything_around_me,
          lemuel_coloured_pillars_altar

Skill      XL: |  1  2  3  4 |
---------------+-------------+-----
Spellcasting   | 2 |  2.0
Hexes          | 3 |  3.0
Dodging        | 2 |  2.0
Ranged Weapons | 2 |  2.8
Fighting       | 2 |  2.0
Translocations | 1 |  1.7

Action                   |  1- 3 |  4- 6 || total
-------------------------+-------+-------++-------
Melee: Dagger            |     5 |       ||     5
 Fire: Sling             |   127 |    98 ||   225
 Cast: Slow              |    19 |    23 ||    42
  Use: Scroll            |     2 |     1 ||     3
Armor: Robe              |     8 |    12 ||    20
       Leather armour    |       |     4 ||     4
Dodge: Dodged            |    33 |    41 ||    74
